General information
- name: BNet
- type: Ladder team game (AT/RT)
- host: Battle.net
- saver: NeilMcCauley
map: Deadlock
- players: 8
- length: 42:18
- speed: Fast
- version: 1.26 W3XP
- replay type: Public
» download(245 KB)
Players
team 1 (loser)

»
Re-Stars (
yellow | 18 APM | 777 actions | 42:18)
6 Archmage
3 Summon Water Elemental
2 Brilliance Aura
1 Mass Teleport
» actions
| Basic commands | 63 | |
| Build / train | 72 | |
| Enter build submenu | 20 | |
| Enter hero's abilities submenu | 6 | |
| Right click | 203 | |
| Select / deselect | 284 | |
| Use ability | 129 | |
777 total
» units
| Peasant | 10 | |
| Rifleman | 16 | |
| Mortar Team | 9 | |
35 total
» upgrades
| Masonry | 3 | |
| Long Rifles | 1 | |
| Gunpowder | 3 | |
| Fragmentation Shards | 1 | |
| Armor | 3 | |
11 total
» buildings
| Farm | 7 | |
| Blacksmith | 1 | |
| Altar of Kings | 1 | |
| Scout Tower | 4 | |
| Barracks | 1 | |
| Arcane Tower | 2 | |
| Lumber Mill | 1 | |
| Arcane Vault | 1 | |
| Keep | 1 | |
| Guard Tower | 2 | |
| Workshop | 1 | |
| Castle | 1 | |
| Town Hall | 2 | |
25 total
» build order
00:23 Farm
00:37 Blacksmith
00:54 Altar of Kings
01:00 Farm
01:40 Farm
01:54 Scout Tower
02:18 Barracks
02:34 Arcane Tower
02:37 Lumber Mill
03:09 Arcane Vault
03:46 Keep
04:14 Farm
04:17 Farm
04:20 Scout Tower
04:56 Arcane Tower
04:58 Scout Tower
05:01 Farm
05:32 Guard Tower
05:35 Scout Tower
05:39 Farm
06:06 Guard Tower
06:26 Workshop
07:09 Castle
16:35 Town Hall
23:51 Town Hall
» items
| Scroll of Regeneration | 4 | |
| Lesser Clarity Potion | 2 | |
| Scroll of Town Portal | 5 | |
| Potion of Healing | 1 | |
| Healing Salve | 1 | |
13 total
KingCracker (
teal | 142 APM | 3893 actions | 27:23)
4 Far Seer
2 Feral Spirit
2 Chain Lighting
3 Tauren Chieftain
1 War Stomp
2 Endurance Aura
» actions
| Assign group hotkey | 77 | |
| Basic commands | 1 | |
| Build / train | 76 | |
| ESC pressed | 6 | |
| Enter build submenu | 32 | |
| Enter hero's abilities submenu | 7 | |
| Right click | 1464 | |
| Select / deselect | 566 | |
| Select group hotkey | 1510 | |
| Use ability | 154 | |
3893 total
» units
| Peon | 20 | |
| Grunt | 9 | |
| Troll Witch Doctor | 5 | |
| Shaman | 4 | |
| Troll Batrider | 3 | |
41 total
» upgrades
| Pillage | 1 | |
| Berserker Strength | 1 | |
| Witch Doctor Training | 2 | |
| Shaman Training | 2 | |
| Reinforced Defenses | 1 | |
7 total
» buildings
| Altar of Storms | 1 | |
| Orc Burrow | 10 | |
| Barracks | 1 | |
| Voodoo Lounge | 1 | |
| Stronghold | 2 | |
| War Mill | 1 | |
| Spirit Lodge | 2 | |
| Fortress | 1 | |
| Great Hall | 4 | |
| Watch Tower | 7 | |
| Beastiary | 2 | |
32 total
» build order
00:09 Altar of Storms
00:23 Orc Burrow
00:39 Barracks
01:39 Orc Burrow
01:50 Voodoo Lounge
03:01 Stronghold
03:02 Stronghold
04:24 War Mill
04:27 Orc Burrow
06:08 Spirit Lodge
07:28 Fortress
08:21 Spirit Lodge
08:46 Great Hall
10:26 Orc Burrow
11:23 Great Hall
11:52 Watch Tower
11:54 Watch Tower
16:10 Orc Burrow
17:24 Orc Burrow
18:17 Orc Burrow
18:34 Orc Burrow
21:42 Watch Tower
21:45 Watch Tower
24:02 Great Hall
24:05 Watch Tower
24:10 Beastiary
25:45 Watch Tower
25:55 Beastiary
26:24 Great Hall
26:26 Watch Tower
26:32 Orc Burrow
27:09 Orc Burrow
» items
| Healing Salve | 2 | |
| Scroll of Speed | 1 | |
| Scroll of Regeneration | 3 | |
| Potion of Healing | 2 | |
| Lesser Clarity Potion | 3 | |
11 total
SWEATYBUMJUICE (
blue | 23 APM | 958 actions | 42:18)
7 Mountain King
3 Storm Bolt
3 Bash
1 Avatar
» actions
| Basic commands | 7 | |
| Build / train | 100 | |
| Enter build submenu | 30 | |
| Enter hero's abilities submenu | 7 | |
| Remove unit from queue | 2 | |
| Right click | 328 | |
| Select / deselect | 405 | |
| Use ability | 79 | |
958 total
» units
| Peasant | 20 | |
| Footman | 6 | |
| Mortar Team | 4 | |
| Gryphon Rider | 9 | |
| Flying Machine | 15 | |
54 total
» upgrades
| Gunpowder | 3 | |
| Lumber Harvesting | 2 | |
| Flare | 1 | |
| Swords | 3 | |
| Fragmentation Shards | 1 | |
| Storm Hammers | 1 | |
| Animal War Training | 1 | |
| Armor | 2 | |
| Flak Cannons | 1 | |
15 total
» buildings
| Altar of Kings | 1 | |
| Farm | 10 | |
| Barracks | 1 | |
| Scout Tower | 4 | |
| Arcane Tower | 2 | |
| Lumber Mill | 1 | |
| Arcane Vault | 1 | |
| Keep | 1 | |
| Town Hall | 2 | |
| Blacksmith | 1 | |
| Guard Tower | 1 | |
| Castle | 1 | |
| Workshop | 4 | |
| Gryphon Aviary | 4 | |
34 total
» build order
00:22 Altar of Kings
00:36 Farm
00:52 Barracks
00:59 Farm
01:36 Scout Tower
01:43 Farm
02:08 Arcane Tower
02:15 Scout Tower
02:25 Farm
02:40 Farm
02:52 Arcane Tower
03:29 Farm
04:24 Lumber Mill
04:29 Arcane Vault
05:40 Keep
05:57 Town Hall
06:06 Scout Tower
06:08 Scout Tower
06:32 Blacksmith
06:38 Guard Tower
08:16 Castle
08:40 Workshop
08:43 Workshop
08:45 Workshop
08:50 Workshop
09:56 Gryphon Aviary
09:59 Gryphon Aviary
10:04 Gryphon Aviary
10:09 Gryphon Aviary
13:58 Farm
14:00 Farm
15:06 Farm
15:10 Farm
23:56 Town Hall
» items
| Orb of Fire | 1 | |
| Scroll of Town Portal | 2 | |
| Lesser Clarity Potion | 5 | |
| Boots of Speed | 1 | |
| Potion of Lesser Invulnerability | 3 | |
| Scroll of Regeneration | 3 | |
| Potion of Invisibility | 1 | |
16 total
JERKS (
orange | 80 APM | 3364 actions | 42:17)
10 Archmage
3 Summon Water Elemental
3 Brilliance Aura
1 Mass Teleport
3 Blizzard
» actions
| Assign group hotkey | 90 | |
| Basic commands | 386 | |
| Build / train | 159 | |
| Enter build submenu | 54 | |
| Enter hero's abilities submenu | 10 | |
| Give item / drop item | 4 | |
| Right click | 1137 | |
| Select / deselect | 385 | |
| Select group hotkey | 888 | |
| Use ability | 251 | |
3364 total
» units
| Peasant | 16 | |
| Footman | 7 | |
| Gryphon Rider | 11 | |
34 total
» upgrades
| Masonry | 3 | |
| Swords | 3 | |
| Armor | 3 | |
| Lumber Harvesting | 2 | |
| Animal War Training | 1 | |
| Storm Hammers | 1 | |
| Cloud | 1 | |
14 total
» buildings
| Altar of Kings | 1 | |
| Barracks | 1 | |
| Farm | 11 | |
| Arcane Vault | 2 | |
| Lumber Mill | 1 | |
| Town Hall | 2 | |
| Scout Tower | 37 | |
| Guard Tower | 64 | |
| Keep | 4 | |
| Blacksmith | 1 | |
| Castle | 2 | |
| Gryphon Aviary | 4 | |
130 total
» build order
00:52 Altar of Kings
00:56 Barracks
00:57 Farm
01:04 Farm
01:21 Farm
01:59 Farm
02:38 Arcane Vault
02:44 Lumber Mill
03:56 Town Hall
04:00 Scout Tower
04:01 Scout Tower
04:03 Scout Tower
04:10 Scout Tower
04:35 Guard Tower
04:37 Guard Tower
05:24 Guard Tower
05:24 Guard Tower
06:08 Keep
06:08 Keep
06:08 Keep
07:34 Scout Tower
08:09 Farm
08:13 Blacksmith
08:17 Scout Tower
08:18 Scout Tower
08:23 Scout Tower
08:25 Guard Tower
08:26 Guard Tower
08:26 Guard Tower
08:28 Scout Tower
08:28 Scout Tower
08:31 Scout Tower
09:01 Castle
09:01 Castle
09:02 Guard Tower
09:02 Guard Tower
09:02 Guard Tower
09:06 Gryphon Aviary
09:09 Gryphon Aviary
09:12 Guard Tower
10:40 Farm
10:43 Farm
14:37 Scout Tower
14:39 Scout Tower
14:45 Farm
15:39 Guard Tower
15:40 Scout Tower
16:14 Guard Tower
16:14 Guard Tower
16:18 Farm
19:10 Scout Tower
19:12 Scout Tower
19:27 Guard Tower
19:27 Guard Tower
19:27 Guard Tower
19:35 Guard Tower
19:35 Guard Tower
19:36 Guard Tower
19:38 Guard Tower
19:39 Guard Tower
19:39 Guard Tower
19:39 Guard Tower
19:39 Guard Tower
19:40 Guard Tower
19:40 Guard Tower
19:43 Scout Tower
19:47 Scout Tower
19:51 Scout Tower
19:53 Scout Tower
20:16 Guard Tower
20:16 Guard Tower
20:30 Guard Tower
20:51 Arcane Vault
20:52 Guard Tower
20:52 Guard Tower
21:49 Scout Tower
21:50 Scout Tower
21:51 Scout Tower
22:11 Gryphon Aviary
22:15 Gryphon Aviary
22:42 Guard Tower
24:02 Farm
24:05 Farm
24:38 Town Hall
24:40 Scout Tower
24:41 Scout Tower
24:41 Scout Tower
24:42 Scout Tower
24:43 Scout Tower
24:44 Scout Tower
24:45 Scout Tower
24:46 Scout Tower
24:47 Scout Tower
24:48 Scout Tower
24:48 Scout Tower
24:49 Scout Tower
24:50 Scout Tower
24:51 Scout Tower
25:09 Guard Tower
25:10 Guard Tower
25:10 Guard Tower
25:10 Guard Tower
25:10 Guard Tower
25:12 Guard Tower
25:12 Guard Tower
25:12 Guard Tower
25:57 Guard Tower
25:57 Guard Tower
25:57 Guard Tower
26:17 Guard Tower
26:17 Guard Tower
26:18 Guard Tower
29:56 Guard Tower
» items
| Periapt of Vitality | 1 | |
| Staff of Teleportation | 1 | |
| Mechanical Critter | 4 | |
| Scroll of Regeneration | 5 | |
| Ivory Tower | 4 | |
| Staff of Sanctuary | 2 | |
17 total
team 2 (winner)
domthot (
pink | 28 APM | 603 actions | 21:26)
5 Priestess of the Moon
2 Searing Arrows
3 Trueshot Aura
» actions
| Build / train | 44 | |
| Enter build submenu | 13 | |
| Enter hero's abilities submenu | 5 | |
| Right click | 381 | |
| Select / deselect | 135 | |
| Use ability | 25 | |
603 total
» units
| Wisp | 11 | |
| Huntress | 3 | |
| Dryad | 12 | |
| Druid of the Claw | 3 | |
29 total
» upgrades
| Strength of the Wild | 3 | |
| Abolish Magic | 1 | |
| Reinforced Hides | 1 | |
| Druid of the Claw Training | 2 | |
7 total
» buildings
| Moon Well | 6 | |
| Altar of Elders | 1 | |
| Ancient of War | 1 | |
| Hunter's Hall | 1 | |
| Tree of Ages | 1 | |
| Ancient of Lore | 2 | |
| Tree of Eternity | 1 | |
| Ancient of Wind | 1 | |
14 total
» build order
00:26 Moon Well
00:39 Altar of Elders
01:07 Ancient of War
02:10 Hunter's Hall
02:51 Moon Well
02:54 Tree of Ages
05:25 Ancient of Lore
05:30 Ancient of Lore
08:56 Moon Well
09:44 Moon Well
09:50 Tree of Eternity
13:16 Ancient of Wind
17:16 Moon Well
18:28 Moon Well

»
Pen1sGilbert3rd (
purple | 60 APM | 2277 actions | 38:08)
7 Goblin Alchemist
3 Healing Spray
3 Acid Bomb
1 Transmute
1 Dark Ranger
1 Black Arrow
» actions
| Basic commands | 154 | |
| Build / train | 80 | |
| Enter build submenu | 29 | |
| Enter hero's abilities submenu | 8 | |
| Give item / drop item | 5 | |
| Remove unit from queue | 1 | |
| Right click | 1410 | |
| Select / deselect | 536 | |
| Use ability | 54 | |
2277 total
» units
| Acolyte | 9 | |
| Ghoul | 6 | |
| Crypt Fiend | 19 | |
| Frost Wyrm | 10 | |
| Dryad | 7 | |
51 total
» upgrades
| Web | 1 | |
| Burrow | 1 | |
| Creature Attack | 3 | |
| Creature Carapace | 2 | |
| Freezing Breath | 1 | |
8 total
» buildings
| Ziggurat | 9 | |
| Altar of Darkness | 1 | |
| Crypt | 2 | |
| Graveyard | 1 | |
| Tomb of Relics | 1 | |
| Necropolis | 1 | |
| Halls of the Dead | 1 | |
| Black Citadel | 1 | |
| Sacrificial Pit | 1 | |
| Boneyard | 2 | |
| Tree of Life | 1 | |
| Altar of Elders | 1 | |
| Moon Well | 1 | |
23 total
» build order
00:05 Ziggurat
00:08 Altar of Darkness
00:42 Crypt
01:16 Graveyard
01:34 Ziggurat
01:43 Tomb of Relics
03:08 Ziggurat
04:40 Ziggurat
05:11 Crypt
06:07 Necropolis
06:29 Halls of the Dead
09:15 Black Citadel
09:17 Sacrificial Pit
11:41 Boneyard
11:42 Boneyard
14:49 Ziggurat
14:52 Ziggurat
15:59 Ziggurat
17:09 Ziggurat
27:34 Ziggurat
35:59 Tree of Life
36:00 Altar of Elders
36:08 Moon Well
» items
| Scroll of Town Portal | 5 | |
| Periapt of Vitality | 1 | |
| Orb of Corruption | 1 | |
| Potion of Mana | 1 | |
| Potion of Healing | 1 | |
9 total

»
Game-Day (
green | 49 APM | 1051 actions | 21:26)
4 Dark Ranger
2 Black Arrow
2 Life Drain
3 Priestess of the Moon
1 Trueshot Aura
2 Scout
» actions
| Assign group hotkey | 36 | |
| Basic commands | 36 | |
| Build / train | 64 | |
| Enter build submenu | 29 | |
| Enter hero's abilities submenu | 7 | |
| Right click | 377 | |
| Select / deselect | 315 | |
| Select group hotkey | 122 | |
| Use ability | 65 | |
1051 total
» units
| Wisp | 31 | |
| Archer | 6 | |
| Chimaera | 6 | |
| Hippogryph | 2 | |
45 total
» upgrades
| Strength of the Wild | 2 | |
| Reinforced Hides | 1 | |
3 total
» buildings
| Ancient of War | 1 | |
| Moon Well | 21 | |
| Altar of Elders | 3 | |
| Tree of Ages | 2 | |
| Tree of Life | 4 | |
| Tree of Eternity | 5 | |
| Ancient of Wind | 2 | |
| Hunter's Hall | 2 | |
| Chimaera Roost | 5 | |
45 total
» build order
00:20 Ancient of War
00:34 Moon Well
00:36 Moon Well
01:18 Altar of Elders
03:01 Tree of Ages
04:38 Tree of Life
04:50 Moon Well
04:51 Moon Well
06:20 Tree of Eternity
06:20 Tree of Eternity
06:20 Tree of Eternity
08:04 Ancient of Wind
08:05 Hunter's Hall
08:48 Ancient of Wind
09:07 Tree of Life
09:15 Moon Well
09:15 Moon Well
09:16 Moon Well
09:17 Moon Well
09:52 Chimaera Roost
09:53 Chimaera Roost
09:53 Chimaera Roost
10:20 Chimaera Roost
10:31 Chimaera Roost
10:45 Moon Well
10:52 Moon Well
10:53 Moon Well
15:10 Tree of Life
17:02 Tree of Life
17:30 Altar of Elders
17:32 Moon Well
17:32 Moon Well
17:33 Moon Well
17:34 Moon Well
17:46 Hunter's Hall
18:12 Altar of Elders
18:15 Moon Well
18:15 Moon Well
18:16 Moon Well
18:16 Moon Well
18:17 Moon Well
18:18 Moon Well
20:56 Tree of Ages
NeilMcCauley (
red | 53 APM | 2239 actions | 42:18)
9 Blademaster
3 Wind Walk
3 Critical Strike
1 Bladestorm
2 Mirror Image
» actions
| Assign group hotkey | 36 | |
| Basic commands | 99 | |
| Build / train | 76 | |
| Enter build submenu | 80 | |
| Enter hero's abilities submenu | 9 | |
| Give item / drop item | 1 | |
| Right click | 1095 | |
| Select / deselect | 356 | |
| Select group hotkey | 294 | |
| Use ability | 193 | |
2239 total
» units
| Peon | 12 | |
| Grunt | 8 | |
| Troll Batrider | 10 | |
| Wind Rider | 5 | |
35 total
» upgrades
| Reinforced Defenses | 1 | |
| Ranged Weapons | 3 | |
| Armor | 3 | |
| Pillage | 1 | |
| Troll Regeneration | 1 | |
| Liquid Fire | 1 | |
| Well Spring | 1 | |
| Ultravision | 1 | |
12 total
» buildings
| Orc Burrow | 5 | |
| Altar of Storms | 1 | |
| Barracks | 1 | |
| War Mill | 4 | |
| Stronghold | 1 | |
| Watch Tower | 46 | |
| Great Hall | 4 | |
| Voodoo Lounge | 2 | |
| Fortress | 1 | |
| Beastiary | 7 | |
| Moon Well | 10 | |
82 total
» build order
00:16 Orc Burrow
00:57 Barracks
01:11 Orc Burrow
02:30 War Mill
03:02 Stronghold
03:53 Watch Tower
04:23 Watch Tower
04:28 Orc Burrow
05:24 Great Hall
05:43 Voodoo Lounge
07:05 Watch Tower
07:06 Watch Tower
07:15 Watch Tower
07:18 Watch Tower
07:30 Watch Tower
07:31 Watch Tower
07:32 Watch Tower
07:32 Watch Tower
07:34 Watch Tower
07:35 Watch Tower
07:37 Watch Tower
07:39 Watch Tower
09:32 Fortress
10:21 Watch Tower
10:22 Watch Tower
10:23 Watch Tower
10:27 Watch Tower
10:34 War Mill
14:15 Beastiary
14:17 Beastiary
14:20 Beastiary
14:42 Beastiary
18:24 War Mill
21:37 Watch Tower
21:38 Watch Tower
24:31 Watch Tower
24:31 Watch Tower
24:33 Watch Tower
24:33 Watch Tower
24:34 Watch Tower
24:35 Watch Tower
24:40 Moon Well
24:42 Moon Well
24:43 Moon Well
24:45 Moon Well
24:47 Moon Well
24:50 Moon Well
24:52 Moon Well
25:23 Voodoo Lounge
29:12 Moon Well
29:13 Moon Well
29:16 Moon Well
29:27 Great Hall
29:35 Watch Tower
29:35 Watch Tower
29:36 Watch Tower
29:36 Watch Tower
29:40 Great Hall
29:47 Watch Tower
29:49 Watch Tower
29:50 Watch Tower
29:51 Watch Tower
29:52 Watch Tower
34:09 Beastiary
34:09 Beastiary
34:11 Beastiary
34:17 Watch Tower
34:20 Watch Tower
34:21 Watch Tower
34:22 Watch Tower
34:23 Watch Tower
34:27 Watch Tower
34:29 Watch Tower
34:29 Watch Tower
34:32 Watch Tower
34:32 Watch Tower
35:20 Orc Burrow
35:25 Orc Burrow
35:51 Great Hall
35:53 Watch Tower
36:00 War Mill
» items
| Scroll of Town Portal | 6 | |
| Periapt of Vitality | 1 | |
| Boots of Speed | 1 | |
| Healing Salve | 2 | |
| Lesser Clarity Potion | 2 | |
| Potion of Mana | 2 | |
| Potion of Healing | 2 | |
| Orb of Lightning | 1 | |
17 total
Chat log
(00:09 / Allies) Game-Day: wanna rush
(00:11 / Allies) Game-Day: ^
(00:16 / Allies) Pen1sGilbert3rd: a
(00:18 / Allies) Pen1sGilbert3rd: yea
(00:21 / Allies) NeilMcCauley: me not rush
(00:37 / Allies) Pen1sGilbert3rd: r u a china man
(00:49 / Allies) Game-Day: can you harass bottom then
(00:51 / Allies) Game-Day: we rush top
(00:52 / Allies) Game-Day: pls
(00:59 / Allies) Game-Day: ok?
(01:04 / Allies) domthot: k
(01:09 / Allies) Pen1sGilbert3rd: lol
(01:11 / Allies) Game-Day: can you harass bottom red?
(01:16 / Allies) NeilMcCauley: nah I cc
(01:21 / Allies) Pen1sGilbert3rd: lol just cc
(01:23 / Allies) Pen1sGilbert3rd: he a cock
(01:27 / Allies) Game-Day: k
(01:38 / Allies) Game-Day: ill fast exp
(01:41 / Allies) NeilMcCauley: handle your business
(02:10 / Allies) Pen1sGilbert3rd: red
(02:23 / Allies) NeilMcCauley: yes dear
(02:31 / Allies) Pen1sGilbert3rd: hi
(02:35 / Allies) NeilMcCauley: hi
(02:49 / Allies) Pen1sGilbert3rd: how is ur day going
(02:53 / Allies) NeilMcCauley: great!
(02:56 / Allies) NeilMcCauley: swimmingly!
(03:04 / Allies) Pen1sGilbert3rd: that dood my dear
(03:09 / Allies) Pen1sGilbert3rd: good
(04:13 / Allies) Pen1sGilbert3rd: u good
(05:47 / Allies) Game-Day: pruple
(05:55 / Allies) Pen1sGilbert3rd: hello
(06:10 / Allies) Game-Day: check
(06:11 / Allies) Pen1sGilbert3rd: its ok red
(06:12 / Allies) Pen1sGilbert3rd: we love u
(06:54 / Allies) Game-Day: b
(08:06 / All) Pen1sGilbert3rd: Stop the violence
(08:09 / Allies) Game-Day: tp
(08:09 / Allies) Game-Day: red
(08:10 / Allies) Game-Day: pls
(08:18 / Allies) Game-Day: red!
(08:23 / Allies) NeilMcCauley: aight
(09:51 / All) NeilMcCauley: I got some latenchy
(09:55 / Allies) Game-Day: wood
(10:32 / Allies) Pen1sGilbert3rd: kill morts
(10:34 / Allies) Game-Day: tp
(10:55 / Allies) NeilMcCauley: counter?
(11:31 / Allies) Game-Day: k
(12:00 / Allies) NeilMcCauley: lumber
(12:23 / Allies) Pen1sGilbert3rd: morts
(12:35 / Allies) NeilMcCauley: repaiR?
(13:03 / Allies) Game-Day: wood
(13:04 / Allies) Game-Day: pls
(13:30 / Allies) Pen1sGilbert3rd: dude red
(13:33 / Allies) Pen1sGilbert3rd: u have 3.7k
(13:41 / Allies) Pen1sGilbert3rd: n green has 2k
(13:42 / Allies) Pen1sGilbert3rd: lol
(13:49 / Allies) NeilMcCauley: lumbers me then
(14:03 / Allies) Pen1sGilbert3rd: make more peons hahah
(14:09 / Allies) Game-Day: tp
(14:10 / Allies) Game-Day: now
(14:24 / Allies) Game-Day: now
(14:25 / All) Pen1sGilbert3rd: my team sitting on 3.7k n 2k lol
(14:25 / Allies) NeilMcCauley: need lumbs
(14:42 / Allies) NeilMcCauley: danke
(14:53 / Allies) NeilMcCauley: take the chims outa there
(15:22 / Allies) Game-Day: ty for the fucking help
(15:33 / Allies) Game-Day: wtf gys
(15:34 / Allies) Pen1sGilbert3rd: no men lol n u had 2k gold spend that shit
(15:39 / Allies) Game-Day: stfu aboyt red
(15:47 / Allies) Game-Day: asdch[asodivhbdsaopvuibadfvpis
(15:49 / Allies) Game-Day: at least hit for
(15:51 / Allies) Pen1sGilbert3rd: im talkin bout u lol
(15:51 / Allies) Game-Day: fucksakes
(15:56 / Allies) Game-Day: wtf r u doubg!!!!
(16:08 / Allies) Game-Day: if your not going to help, alwas hit
(16:10 / Allies) Game-Day: jesus
(16:16 / Allies) NeilMcCauley: I did a lot to teal
(16:17 / Allies) Game-Day: wood me
(16:20 / Allies) Pen1sGilbert3rd: u blind as a bad
(16:30 / Allies) Game-Day: now pink goes in
(16:31 / Allies) Game-Day: wtf
(16:35 / Allies) Game-Day: goo
(16:36 / Allies) Game-Day: then
(16:42 / Allies) Game-Day: fight
(16:45 / Allies) NeilMcCauley: fight I killed mk
(17:00 / Allies) Game-Day: wood me asap
(17:22 / Allies) NeilMcCauley: hall almost dead
(17:53 / Allies) Game-Day: meet and hit
(17:53 / Allies) Game-Day: pls
(17:56 / Allies) Game-Day: meet
(18:07 / Allies) Pen1sGilbert3rd: red bro
(18:08 / Allies) Pen1sGilbert3rd: 5k gold
(18:12 / Allies) Pen1sGilbert3rd: holy shit
(18:32 / Allies) Game-Day: all
(18:35 / Allies) Game-Day: meet and hit hn0w]'
(18:36 / Allies) Game-Day: now
(18:41 / Allies) Game-Day: all meet and hit
(18:45 / Allies) Game-Day: dont ot talk about red anymore
(18:52 / Allies) Game-Day: who cares
(19:21 / Allies) Game-Day: do you have
(19:22 / Allies) Game-Day: frost
(19:24 / Allies) Game-Day: breath?
(19:27 / Allies) Game-Day: if so kill that
(19:29 / Allies) Pen1sGilbert3rd: ya
(19:34 / Allies) Game-Day: kill
(19:35 / Allies) Game-Day: fast
(19:37 / Allies) Game-Day: its esy
(19:40 / Allies) NeilMcCauley: hit top
(19:47 / Allies) Game-Day: kill
(19:49 / Allies) Pen1sGilbert3rd: lets go die
(19:49 / Allies) Game-Day: now
(19:54 / All) Pen1sGilbert3rd: gg
(19:59 / All) Re-Stars: gg
(20:00 / Allies) Game-Day: were r u goung
(20:27 / Allies) Game-Day: roat
(20:29 / Allies) Game-Day: roar
(21:22 / Allies) Game-Day: u giys suck
(21:27 / Allies) Pen1sGilbert3rd: ur awful dude
(21:29 / Allies) NeilMcCauley: I told you hit top
(21:44 / All) Pen1sGilbert3rd: well gg my teams dosent know how to spend gold
(22:13 / All) KingCracker: our idiot has 10k
(22:37 / All) Pen1sGilbert3rd: red 6k green had 3k when u attack him n pink had 3k before he quit
(22:39 / All) Pen1sGilbert3rd: lol
(26:32 / All) JERKS: kill blues army for u
(26:34 / All) JERKS: u can rape him now
(26:42 / All) JERKS: thanks for wood kanagaroo fucker
(26:44 / All) JERKS: brasil #1
(26:47 / All) JERKS: americano noob
(27:03 / Allies) NeilMcCauley: lumberS?
(30:45 / Allies) Pen1sGilbert3rd: leave teal
(30:46 / Allies) Pen1sGilbert3rd: he left
(30:50 / Allies) Pen1sGilbert3rd: kill yellow n oj
(31:36 / All) Pen1sGilbert3rd: intersting
(31:42 / All) JERKS: hmm?
(31:46 / All) JERKS: brasil own u noob
(31:50 / All) Pen1sGilbert3rd: ;)
(32:17 / All) Pen1sGilbert3rd: puss boy
(33:44 / Allies) Pen1sGilbert3rd: red gold me
(33:50 / Allies) NeilMcCauley: k
(33:57 / Allies) Pen1sGilbert3rd: n help me kill oj
(34:14 / Allies) Pen1sGilbert3rd: nvm gold pink
(34:23 / Allies) Pen1sGilbert3rd: i have no peons n no hall
(34:47 / Allies) Pen1sGilbert3rd: u have any tmen
(34:54 / Allies) NeilMcCauley: getting them
(35:39 / Allies) Pen1sGilbert3rd: come
(35:40 / Allies) Pen1sGilbert3rd: huurry
(36:07 / Allies) NeilMcCauley: omw
(36:25 / All) Pen1sGilbert3rd: u have mh?
(36:32 / All) JERKS: brasil , noob
(36:41 / All) JERKS: i have brasil
(36:42 / All) Pen1sGilbert3rd: brasil bunch pussies
(37:21 / All) Pen1sGilbert3rd: dude red u dumbass
(37:46 / All) Pen1sGilbert3rd: lol red tk cuz he sucks dick
(38:12 / All) NeilMcCauley: hehe
(41:50 / All) JERKS: Anything to say for yourselves?
(41:54 / All) JERKS: yellow, blue??
(41:56 / All) JERKS: you lose
(42:08 / All) NeilMcCauley: DAISHO OSS
(42:15 / All) JERKS: guess not